AoeStats
← outlaw182

Arena

508783225Analyzed
1v1 RM · 9d ago on Sep 24, 2026· 30m 17s· 2 players
Game mode
Random Map
Map size
Tiny (2 player)
Population
200
Speed
Normal
Resources
Standard
Victory
Conquest
Starting age
Dark Age
Ending age
Imperial Age
RankedLock teamsTeams togetherTeam positionsShared explorationLock speedFull tech treeHidden civsTurbo modeCheats
Victory
Defeat
🇲🇽 Mongols · Mexico
1008
+15
🇺🇸 Huns · United States
988
-15
78!SATTACk08
10:42 Feudal Age
16:06 Castle Age
14:25 Double-Bit Axe
18:51 Fletching
19:02 Padded Archer Armor
22:56 Bodkin Arrow
outlaw182
10:38 Feudal Age
9:23 Loom
14:49 Castle Age
13:28 Double-Bit Axe
14:41 Town Watch
19:02 Fletching
21:46 Padded Archer Armor
25:53 Bodkin Arrow
30:00 Horse Collar
30:37 Leather Archer Armor
Connection lost

Rejoining the realm…

Still unreachable

The connection could not be restored.

Session expired

The server has moved on; the page needs a fresh start.